 Dungeon Crawl Stone Soup version 0.29-a0-824-gd827844252 (webtiles) character file.

Game seed: 14654064747383517815

612 Masnef the Basher (level 8, -1/63 HPs)
             Began as a Meteoran Delver on July 9, 2022.
             Was a Follower of the Shining One.
             Slain by a sky beast (6 damage)
             ... on level 6 of the Dungeon on July 10, 2022.
             The game lasted 00:10:34 (3105 turns).

Masnef the Basher (Meteoran Delver)                 Turns: 3105, Time: 00:10:35

Health: -1/63      AC:  3    Str: 15    XL:     8   Next: 3%
Magic:  9/9        EV: 12    Int: 12    God:    the Shining One [*.....]
Gold:   210        SH:  0    Dex: 16    Spells: 7/7 levels left

rFire   . . .      SeeInvis .   t - +0 morningstar
rCold   . . .      Faith    .   A - orb {guile}
rNeg    . . .      Spirit   .   b - +0 leather armour
rPois   +          Reflect  .   (no helmet)
rElec   .          Harm     .   (no cloak)
rCorr   .          Rampage  .   (no gloves)
Will    .....                   (no boots)
Stlth   +.........              (no amulet)
HPRegen 0.20/turn               m - ring of poison resistance
MPRegen 0.11/turn               (no ring)

@: glowing
A: sense surroundings 1, otherworldly, glowing, explore regen
a: Renounce Religion, Divine Shield


You were on level 6 of the Dungeon.
You worshipped the Shining One.
The Shining One was aware of your devotion.
You visited 2 branches of the dungeon, and saw 7 of its levels.

You collected 210 gold pieces.

Inventory:

Hand Weapons
 a - a +0 mace
 f - a +2 dagger of speed
 t - a +0 morningstar (weapon)
 w - a +0 flail
Armour
 b - a +0 leather armour (worn)
 A - an orb of guile (worn)
Jewellery
 m - a ring of poison resistance (left hand)
 p - an amulet of guardian spirit
Wands
 g - a wand of digging (3)
 r - a wand of polymorph (12)
 z - a wand of light (8)
Scrolls
 c - a scroll of fog
 d - a scroll of magic mapping
 e - a scroll of fear
 k - 4 scrolls of identify
 l - a scroll of enchant armour {unknown}
 o - a scroll of brand weapon {unknown}
 s - a scroll of poison {unknown}
 v - 2 scrolls of amnesia {unknown}
 x - a scroll of noise {unknown}
 y - a scroll of summoning {unknown}
 B - a scroll of immolation {unknown}
Potions
 h - a potion of cancellation {unknown}
 i - a potion of lignification {unknown}
 j - 2 potions of mutation {unknown}
 n - a potion of degeneration {unknown}
 q - 2 potions of attraction
 u - 2 potions of curing


   Skills:
 - Level 3.5 Fighting
 + Level 10.2 Maces & Flails
 - Level 0.1 Armour
 - Level 2.4 Dodging
 - Level 3.9 Stealth


You had 7 spell levels left.
You didn't know any spells.
Your spell library was empty.

Dungeon Overview and Level Annotations

Branches:
Dungeon (6/15) Zot: 668    Temple (1/1) D:4 Zot: 515

Altars:
Ashenzari
Cheibriados
Dithmenos
Elyvilon
Gozag
Hepliaklqana
Kikubaaqudgha
Makhleb
Nemelex Xobeh
Okawaru
Qazlal
Sif Muna
Trog
Uskayaw
Vehumet
Wu Jian
Xom
Yredelemnul
Zin
The Shining One


Innate Abilities, Weirdness & Mutations

You passively map a small area around you.
You are easily found by Zot.
You glow in the dark.
You regain HP and MP as you explore.


Message History

The necrophage attacks as you move away!
The necrophage hits you.
The sky beast flickers out of sight for a moment.
The sky beast hits you. The sky beast shocks you.
The bullfrog barely misses you.
A sky beast appears from thin air!
You are too injured to fight recklessly!
You are too injured to fight recklessly!
You are too injured to fight recklessly!
You hit the bullfrog.
The bullfrog is lightly wounded.
The bullfrog hits you but does no damage.
The bullfrog hits you.
* * * LOW HITPOINT WARNING * * *
You puncture the bullfrog!
The bullfrog is moderately wounded.
The bullfrog hits you.
* * * LOW HITPOINT WARNING * * *
You closely miss the bullfrog.
The bullfrog is moderately wounded.
The bullfrog hits you.
* * * LOW HITPOINT WARNING * * *
The bullfrog hits you!
* * * LOW HITPOINT WARNING * * *
You barely miss the bullfrog.
The bullfrog is moderately wounded.
The bullfrog closely misses you.
You sock the bullfrog!
You kill the bullfrog!
Your Maces & Flails skill increases to level 10!
You have reached level 8!
You hit the sky beast but do no damage.
The sky beast is heavily wounded.
The sky beast misses you.
You barely miss the sky beast.
The sky beast is heavily wounded.
The sky beast hits you.
* * * LOW HITPOINT WARNING * * *
The sky beast shocks you.
You die...

* * , ....# * * *
, #[... * * ...##
,* * .... , , , **
*#..# * *** #..#,
,
#########..######.
.......@Yn.......#
*
#########≈<.....#
#.....?.?#
#########.


You could see a sky beast and a necrophage.

Vanquished Creatures
  Sigmund (D:2)
  A bullfrog (D:6)
  A necrophage (D:5)
  2 hounds
  Natasha (thrice) (D:2)
  Robin (D:2)
  6 gnolls
  4 adders
  A white imp (D:5)
  A worm (D:2)
  2 dart slugs
  2 orcs
  6 ball pythons
  6 bats
  6 endoplasms
  2 giant cockroaches
  18 goblins
  10 hobgoblins
  2 quokkas (D:2)
  5 frilled lizards
  8 kobolds
  3 rats (D:1)
91 creatures vanquished.

Notes
Turn   | Place    | Note
-------+----------+-------------------------------------------
     0 | D:5      | Masnef the Meteoran Delver began the quest for the Orb.
     0 | D:5      | Reached XP level 1. HP: 19/19 MP: 2/2
    12 | D:5      | Noticed a hound
   121 | D:5      | Reached XP level 2. HP: 11/26 MP: 3/3
   321 | D:5      | Noticed a hound
   336 | D:4      | Found a staircase to the Ecumenical Temple.
   355 | Temple   | Entered the Ecumenical Temple
   433 | Temple   | Became a worshipper of the Shining One
   515 | D:3      | Reached skill level 3 in Maces & Flails
   596 | D:1      | Reached XP level 3. HP: 29/31 MP: 4/4
   753 | D:1      | Reached skill level 4 in Maces & Flails
  1117 | D:1      | Reached XP level 4. HP: 38/38 MP: 5/5
  1632 | D:2      | Noticed Natasha
  1639 | D:2      | Killed Natasha
  1640 | D:2      | Reached skill level 5 in Maces & Flails
  1677 | D:2      | Reached XP level 5. HP: 41/45 MP: 6/6
  1684 | D:2      | Noticed Robin
  1709 | D:2      | Killed Robin
  1734 | D:2      | Noticed Natasha
  1750 | D:2      | Killed Natasha
  1751 | D:2      | Reached skill level 6 in Maces & Flails
  1758 | D:2      | Noticed Natasha
  1758 | D:2      | Reached * piety under the Shining One
  1769 | D:2      | Killed Natasha
  1804 | D:2      | Reached XP level 6. HP: 19/51 MP: 5/7
  1823 | D:2      | Reached skill level 7 in Maces & Flails
  2194 | D:2      | Noticed Sigmund
  2269 | D:2      | Killed Sigmund
  2270 | D:2      | Reached skill level 8 in Maces & Flails
  2270 | D:2      | Reached XP level 7. HP: 43/57 MP: 6/8
  2557 | D:3      | Found a sparkling altar of Nemelex Xobeh.
  2709 | D:4      | Found a white marble altar of Elyvilon.
  2724 | D:4      | Reached skill level 9 in Maces & Flails
  3073 | D:5      | Glimpsed the power of Zot.
  3104 | D:6      | Reached skill level 10 in Maces & Flails
  3104 | D:6      | Reached XP level 8. HP: 6/63 MP: 9/9
  3105 | D:6      | Slain by a sky beast

Illustrated notes

Levels and vault maps discovered:
D:1:      dpeg_arrival_more_subterranean_lakeside_camping, layout_basic,
          minmay_misc_feat_iff, minmay_crystal_water, kennysheep_nondescript,
          minmay_misc_feat_pillars, st_stairs_7
D:2:      layout_loops_ring, chequers_mini_garden, uniq_sigmund, uniq_natasha,
          uniq_robin
D:3:      layout_rooms, lemuel_tele_altar
D:4:      layout_basic, elyvilon_altar_1, minmay_temple_entry_gardened_gates,
          serial_shops, nicolae_shop_bloodbath_and_beyond, uniq_blork_the_orc
D:5:      layout_loops_ring
D:6:      layout_loops_ring, serial_shops, nicolae_lakefront_shop
Temple:   compressed_dpeg_circular_temple

Skill      XL: |  1  2  3  4  5  6  7 |
---------------+----------------------+-----
Maces & Flails | 3 4 5 6 8 10 | 10.2
Fighting       | |  3.5
Armour         | |  0.1
Dodging        | |  2.4
Stealth        | |  3.9

Action                   |  1- 3 |  4- 6 |  7- 9 || total
-------------------------+-------+-------+-------++-------
Melee: Mace              |    11 |       |       ||    11
       Dagger            |    78 |   152 |    17 ||   247
       Punch             |     1 |       |     1 ||     2
       Morningstar       |       |       |    56 ||    56
  Use: Potion            |     1 |     4 |       ||     5
       Scroll            |       |     2 |       ||     2
Armor: Leather armour    |    22 |    45 |    13 ||    80
Dodge: Dodged            |    32 |    72 |    46 ||   150

Table legend: (Time is in decaauts)
 A = Elapsed time spent in this place.
 B = Non-inter-level travel time spent in this place.
 C = Inter-level travel time spent in this place.
 D = Time resting spent in this place.
 E = Time spent auto-exploring this place.
 F = Levels seen in this place.
 G = Mean time per level.
                   A        B        C        D        E       F      G
               +--------+--------+--------+--------+--------+-----+--------+
         Total |   3015 |   2851 |    164 |    199 |   1843 |   7 |  430.7 |
       Dungeon |   2931 |   2767 |    164 |    199 |   1828 |   6 |  488.5 |
        Temple |     84 |     84 |      0 |      0 |     15 |   1 |   84.0 |
               +--------+--------+--------+--------+--------+-----+--------+

Top non-repeatable levels by time:
     D:1: 898 daAuts
     D:2: 878 daAuts
     D:4: 476 daAuts
     D:5: 393 daAuts
     D:3: 270 daAuts
  Temple: 84 daAuts
     D:6: 13 daAuts
